 Dungeon Crawl Stone Soup version 0.30-b1-5-g8e6c1be481 (webtiles) character file.

Game seed: 6197403192490260022

163 hawla the Chiller (level 6, -2/39 (46) HPs)
             Began as a Meteoran Ice Elementalist on May 3, 2023.
             Slain by Duvessa
             ... wielding a +1 short sword of draining
              (12 damage)
             ... on level 4 of the Dungeon.
             The game lasted 00:04:29 (463 turns).

hawla the Chiller (Meteoran Ice Elementalist)        Turns: 463, Time: 00:04:30

HP:   -2/39 (46)    AC:  2    Str:  9    XL:     6   Next: 3%
MP:   9/13          EV: 13    Int: 20    God:
Gold: 84            SH:  0    Dex: 14    Spells: 9/13 levels left

rFire   + . .        (no weapon)
rCold   + + .        (no shield)
rNeg    . . .        a - +0 robe
rPois   +            (no helmet)
rElec   +            (no cloak)
rCorr   +            (no gloves)
SInv    .            (no boots)
Will    .....        (no amulet)
Stlth   +            b - ring of protection from cold
HPRegen 0.26/turn    (no ring)
MPRegen 0.13/turn

%: no passive effects
@: resistant, freezing walls, glowing, heavily drained
A: sense surroundings 1, otherworldly, glowing, explore regen
a: no special abilities


You were on level 4 of the Dungeon.
You visited 1 branch of the dungeon, and saw 4 of its levels.

You collected 84 gold pieces.

Inventory:

Armour
 a - a +0 robe (worn)
Jewellery
 b - a ring of protection from cold (left hand)
Wands
 g - a wand of polymorph (7)
Scrolls
 c - a scroll of enchant armour {unknown}
 d - a scroll of magic mapping {unknown}
 i - a scroll of fog {unknown}
Potions
 e - a potion of berserk rage {unknown}
 h - 2 potions of haste {unknown}


   Skills:
 + Level 0.4 Fighting
 + Level 2.9 Dodging
 - Level 1.4 Stealth
 + Level 4.4 Spellcasting
 + Level 6.1 Ice Magic


You had 9 spell levels left.
You knew the following spells:

 Your Spells              Type           Power      Damage    Failure   Level
a - Freeze                Ice            100%       1d10      1%          1
b - Frozen Ramparts       Ice            58%        1d9       3%          3

Your spell library contained the following spells:

 Spells                   Type           Power      Damage    Failure   Level
 Ozocubu's Armour         Ice            29%        N/A       3%          3
 Summon Ice Beast         Ice/Summ       16%        N/A       34%         4


Dungeon Overview and Level Annotations

Branches:
Dungeon (4/15) Zot: 1939
 Temple: D:4-7

Altars:
Ashenzari

Annotations:
D:4 Dowan, Duvessa


Innate Abilities, Weirdness & Mutations

You passively map a small area around you.
You are easily found by Zot.
You glow in the dark.
You regain HP and MP as you explore.


Message History

Confirm with . or Enter, or press ? or * to list all spells.
Casting: Frozen Ramparts (dangerous; 3% risk of failure)
Press: ? - help, Dir - look around, f - activate A stone staircase leading up.
The walls around you are covered in ice.
The wall freezes Duvessa.
The wall freezes Duvessa but does no damage.
Duvessa hits you with a +1 short sword of draining!
You feel drained.
Casting: Frozen Ramparts (dangerous; 3% risk of failure)
Confirm with . or Enter, or press ? or * to list all spells.
Aiming: Freeze (safe; 1% risk of failure)
Press: ? - help, Shift-Dir - straight line, f - Duvessa
Aim: Duvessa, wielding a +1 short sword of draining and wearing a +0 leather armour (lightly wounded, fast)
You freeze Duvessa.
Duvessa is lightly wounded.
The wall freezes Duvessa.
Duvessa hits you with a +1 short sword of draining!
You feel drained.
The wall freezes Dowan!
Casting: Freeze (safe; 1% risk of failure)
Confirm with . or Enter, or press ? or * to list all spells.
Aiming: Freeze (safe; 1% risk of failure)
Press: ? - help, Shift-Dir - straight line, f/p - Duvessa
Aim: Duvessa, wielding a +1 short sword of draining and wearing a +0 leather armour (lightly wounded, fast)
You freeze Duvessa.
Duvessa is moderately wounded.
The wall freezes Duvessa but does no damage.
Duvessa hits you with a +1 short sword of draining!
You feel drained.
The wall freezes Dowan.
The wall freezes Duvessa but does no damage.
Duvessa hits you with a +1 short sword of draining.
* * * LOW HITPOINT WARNING * * *
You feel drained.
* * * LOW HITPOINT WARNING * * *
It was a potion of resistance.
You feel protected.
The wall freezes Duvessa but does no damage.
Duvessa gestures with her weapon.
Duvessa hits you with a +1 short sword of draining!
You die...

, * ** ** * * *
* * * * #, ,,,#
.##..####.#####
* ,
.......@ee.....,
.#....###.#####
* #...., * # *
##.. , * ## , *
, , ** , , * * *
* * * , *,


You could see Duvessa (fast) and Dowan.

Vanquished Creatures
  Natasha (thrice) (D:2)
  4 gnolls (D:3)
  An adder (D:2)
  A worm (D:2)
  A dart slug (D:2)
  An orc (D:3)
  4 endoplasms
  3 giant cockroaches
  A goblin (D:1)
  A hobgoblin (D:1)
  3 jackals (D:3)
  2 kobolds (D:1)
  3 quokkas
  3 ball pythons
  A bat (D:2)
  4 frilled lizards
  2 rats
38 creatures vanquished.

Notes
Turn   | Place    | Note
-------+----------+-------------------------------------------
     0 | D:1      | hawla the Meteoran Ice Elementalist began the quest for the
                  | Orb.
     0 | D:1      | Reached XP level 1. HP: 14/14 MP: 5/5
    48 | D:1      | Reached XP level 2. HP: 6/20 MP: 3/6
   142 | D:1      | Reached skill level 5 in Ice Magic
   209 | D:2      | Reached XP level 3. HP: 23/26 MP: 6/8
   213 | D:2      | Learned a level 3 spell: Frozen Ramparts
   220 | D:2      | Noticed Natasha
   229 | D:2      | Killed Natasha
   230 | D:2      | Reached XP level 4. HP: 21/33 MP: 3/9
   244 | D:2      | Found a broken altar of Ashenzari.
   269 | D:2      | Noticed Natasha
   286 | D:2      | Killed Natasha
   287 | D:2      | Reached XP level 5. HP: 19/38 MP: 1/11
   326 | D:2      | Noticed Natasha
   330 | D:2      | Killed Natasha
   366 | D:3      | Reached skill level 6 in Ice Magic
   376 | D:3      | Reached XP level 6. HP: 37/46 MP: 0/13
   454 | D:4      | Noticed Duvessa
   454 | D:4      | Noticed Dowan
   463 | D:4      | Slain by Duvessa

Illustrated notes

Levels and vault maps discovered:
D:1:      nzn_arrival_crosshair, layout_loops_ring
D:2:      cheibrodos_old_hovel, layout_rooms, basic_altar, uniq_natasha
D:3:      layout_loops_ring, minmay_stone_trees_medium, uniq_grinder
D:4:      minmay_spotlight, layout_loops_corners, uniq_duvessa

Skill      XL: |  1  2  3  4  5 |
---------------+----------------+-----
Ice Magic      | 5 6 |  6.1
Spellcasting   | 3 4 |  4.4
Fighting       | |  0.4
Dodging        | |  2.9
Stealth        | |  1.4

Action                     |  1- 3 |  4- 6 || total
---------------------------+-------+-------++-------
  Melee: Unarmed           |     1 |    13 ||    14
   Cast: Freeze            |    22 |    22 ||    44
         Frozen Ramparts   |     1 |     7 ||     8
    Use: Potion            |     1 |     1 ||     2
 Armour: Robe              |     6 |     1 ||     7
  Dodge: Dodged            |    10 |    26 ||    36
